 Dungeon Crawl Stone Soup version 0.30-b1-2-g02819fbbbe (webtiles) character file.

Game seed: 3776738336440463961

9631 Alarkh the Skirmisher (level 11, 0/77 HPs)
             Began as a Demonspawn Hunter on May 24, 2023.
             Was an Elder of Uskayaw.
             Slain by a sun demon (6 damage)
             ... summoned by a kobold demonologist
             ... on level 10 of the Dungeon.
             The game lasted 00:16:02 (7949 turns).

Alarkh the Skirmisher (Demonspawn Hunter)           Turns: 7949, Time: 00:16:02

Health: 0/77       AC:  9    Str: 15    XL:     11   Next: 25%
Magic:  14/14      EV: 13    Int: 14    God:    Uskayaw [****..]
Gold:   1031       SH:  0    Dex: 16    Spells: 10/10 levels left

rFire   . . .        a - +6 longbow "Itopsu" {drain, Will+ Str+2}
rCold   . . .        (shield currently unavailable)
rNeg    . . .        H - +0 troll leather armour
rPois   .            s - +0 helmet of the True Pharaoh {Slay+3}
rElec   +            K - +1 cloak
rCorr   .            (no gloves)
SInv    +            (no boots)
Will    +....        (no amulet)
Stlth   ++           o - +4 ring of slaying
HPRegen 1.12/turn    C - ring of see invisible
MPRegen 0.14/turn

%: no passive effects
@: no status effects
A: hooves 2, thin metallic scales 1, demonic guardian 2, powered by death 3,
electricity resistance
a: Renounce Religion, Stomp, Line Pass


You were on level 10 of the Dungeon.
You worshipped Uskayaw.
Uskayaw was noncommittal.
You visited 2 branches of the dungeon, and saw 11 of its levels.
You also visited: Ossuary.

You collected 1031 gold pieces.

Inventory:

Hand Weapons
 a - the +6 longbow "Itopsu" (weapon) {drain, Will+ Str+2}
   (You acquired it on level 9 of the Dungeon)

   Str:       It affects your strength (+2).
   Will:      It increases your willpower.
 b - a +4 dagger of venom
 t - a +0 shortbow
 G - a +0 arbalest of flaming
 R - the +6 sling of Xufawad {drain, Drain rF+ rC+}
   (You found it on level 3 of the Dungeon)

   rF:        It protects you from fire.
   rC:        It protects you from cold.
   Drain:     It drains your maximum health when unequipped.
Missiles
 I - 2 throwing nets
Armour
 s - the +0 helmet of the True Pharaoh (worn) {Slay+3}
   (You found it on level 2 of the Dungeon)

   Slay:      It affects your accuracy & damage with ranged weapons and melee
   (+3).
 H - a +0 troll leather armour (worn)
 K - a +1 cloak (worn)
 Q - +0 steam dragon scales
Magical Staves
 J - a staff of death
Jewellery
 o - a +4 ring of slaying (left hand)
 p - a +6 ring of intelligence
 v - a ring of positive energy
 C - a ring of see invisible (right hand)
 F - a +6 ring of dexterity
 M - a ring of positive energy
Wands
 z - a wand of polymorph (16)
 N - a wand of paralysis (3)
Scrolls
 c - a scroll of fog
 d - 2 scrolls of immolation
 e - a scroll of blinking
 g - 5 scrolls of vulnerability
 i - a scroll of enchant weapon {unknown}
 j - a scroll of torment {unknown}
 l - a scroll of teleportation {unknown}
 r - 2 scrolls of identify
 x - a scroll of summoning
 y - 2 scrolls of noise
 A - a scroll of brand weapon
 D - 2 scrolls of fear
 L - a scroll of enchant armour {unknown}
 O - a scroll of magic mapping {unknown}
Potions
 f - 2 potions of brilliance
 h - 2 potions of mutation
 k - 3 potions of invisibility
 m - 4 potions of haste
 n - 4 potions of degeneration
 q - 2 potions of might
 u - 3 potions of curing
 w - a potion of berserk rage
 B - 3 potions of heal wounds
 E - 4 potions of flight
 P - a potion of cancellation


   Skills:
 + Level 4.0 Fighting
 + Level 14.1 Ranged Weapons
 + Level 3.0 Armour
 + Level 3.5 Dodging
 + Level 3.3 Stealth
 * Level 4.5 Unarmed Combat
 + Level 4.3 Invocations


You had 10 spell levels left.
You didn't know any spells.
Your spell library contained the following spells:

 Spells                   Type           Power      Damage    Failure   Level
 Magic Dart               Conj           0%         1d3       34%         1
 Scorch                   Fire           0%         2d5       47%         2
 Searing Ray              Conj           0%         2d4       47%         2
 Volatile Blastmotes      Fire/Tloc      0%         2d10      71%         3
 Flame Wave               Conj/Fire      0%         2d4       98%         4
 Fulminant Prism          Conj/Hex       0%         3d5       98%         4
 Iskenderun's Mystic Bla  Conj/Tloc      0%         2d3       98%         4
 Olgreb's Toxic Radiance  Pois           0%         N/A       98%         4
 Lee's Rapid Deconstruct  Erth           0%         3d4*      100%        5
 Summon Cactus Giant      Summ           0%         N/A       100%        6
 Discord                  Hex            0%         N/A       100%        8
 Ignition                 Fire           0%         3d3       100%        8


Dungeon Overview and Level Annotations

Branches:
Dungeon (10/15)            Temple (1/1) D:4            Lair (0/5) D:10
    Orc (0/2) D:10        Ossuary (visited)

Altars:
Dithmenos
Fedhas
Gozag
Kikubaaqudgha
Makhleb
Qazlal
Ru
Sif Muna
Trog
Uskayaw
Vehumet
Xom

Shops:
D:8 :


Innate Abilities, Weirdness & Mutations

You have hoof-like feet.
You are partially covered in thin metallic scales. (AC +2)
A demonic guardian rushes to your aid.
You regenerate a lot of health from kills.
You are resistant to electric shocks. (rElec)


Message History

The kobold demonologist is no longer paralysed.
The kobold brigand is no longer paralysed.
The kobold is no longer paralysed. x2
The smoke demon gestures at you. Something smites you!
The kobold demonologist begins to cast a cantrip, but forgets the words!
Fire: a) +6 longbow "Itopsu" {drain, Will+ Str+2}
Press: ? - help, Q - select action, (/) - cycle Shift-Dir - straight line, f/p - kobold demonologist
Aim: a kobold demonologist, wielding a +0 dagger and wearing a +0 robe (moderately wounded, lightly drained, 70% to hit)
You shoot an arrow. The arrow hits the kobold demonologist!
You drain the kobold demonologist.
The kobold demonologist is severely wounded.
The kobold is no longer paralysed.
The smoke demon gestures at you. The sticky flame misses you.
The kobold demonologist casts a spell.
Uskayaw will force your foes to share their pain.
Uskayaw links your audience in an emotional bond!
Fire: a) +6 longbow "Itopsu" {drain, Will+ Str+2}
Press: ? - help, Q - select action, (/) - cycle Shift-Dir - straight line, f/p - kobold demonologist
Aim: a kobold demonologist, wielding a +0 dagger and wearing a +0 robe (severely wounded, lightly drained, sharing its pain, 70% to hit)
You shoot an arrow. The arrow hits the sun demon.
You kill the smoke demon!
The smoke demon disappears in a puff of smoke!
The sun demon is lightly wounded.
The sun demon hits you!!
You are engulfed in flames!
You shoot an arrow.
The arrow closely misses the kobold demonologist.
The sun demon hits you.
* * * LOW HITPOINT WARNING * * *
You are engulfed in flames!
* * * LOW HITPOINT WARNING * * *
A demonic guardian appears!
You shoot an arrow.
The arrow hits the kobold demonologist but does no damage.
The kobold demonologist is almost dead.
The kobold demonologist mumbles some strange words.
The shadow imp lashes its tail.
The sun demon hits you.
You die...

..#..†.....P#
#........#
#####..P.P#.#
#..).....# #
#†##....#
####...### #
#.#####.#
###.###### #
#........
#........# #
#........
#........# #
###.......K###
#........#
###.......KKKK53##
#........#
##..#........ #K@#
#........#
##.##........ ##5#
#........#
##.##........
#4####........#
'..##........
#...##........#
#####........
###..#........# #
#........
##.'........# #
#########
###........#
##########


You could see a sun demon (summoned, pain bonded), a kobold demonologist
(drained, pain bonded, ally target), a kobold brigand (pain bonded), 2 white
imps, 4 kobolds and a friendly ice devil (summoned).

Vanquished Creatures
  A two-headed ogre (D:10)
  Pikel (D:4)
  An unseen horror (D:10)
  A troll (D:5)
  Sigmund (D:5)
  A vampire (D:6)
  4 yaks (D:8)
  Grum (D:8)
  3 wyverns
  A basilisk (D:10)
  A steam dragon (D:9)
  6 water moccasins
  An acid dragon (D:10)
  Duvessa (D:5)
  6 orc warriors
  A sky beast (D:7)
  2 black bears
  7 wolves
  An ogre (D:10)
  4 centaurs
  2 phantoms
  2 lemures (D:5)
  2 kobold brigands
  4 bullfrogs
  3 gnoll sergeants
  4 scorpions
  13 wights
  Dowan (D:5)
  9 howler monkeys
  3 hounds
  8 orc priests
  2 sleepcaps
  A gnoll bouda (D:7)
  2 jellies
  Jessica (D:3)
  An iguana (D:6)
  Ijyb (D:4)
  Terence (D:3)
  10 orc wizards
  Natasha (twice) (D:4)
  8 mummies (Ossuary)
  25 gnolls
  10 adders
  A shadow imp (D:6)
  A white imp (D:5)
  A worm (D:4)
  2 dart slugs
  58 orcs
  6 ball pythons
  9 bats
  15 endoplasms
  2 giant cockroaches
  2 gnoll zombies (Ossuary)
  7 goblins
  8 hobgoblins
  15 jackals
  17 kobolds
  4 quokkas
  2 frilled lizards (D:1)
  A hobgoblin zombie (Ossuary)
  2 kobold zombies (Ossuary)
  3 orc zombies (Ossuary)
  2 rats (D:2)
318 creatures vanquished.

Vanquished Creatures (collateral kills)
  A centaur (D:8)
  A gnoll bouda (D:5)
  7 gnolls (D:5)
  An orc (D:5)
10 creatures vanquished.

Vanquished Creatures (others)
  An orc wizard (D:7)
  A fungus (D:10)
  3 plants
5 creatures vanquished.

Grand Total: 333 creatures vanquished

Notes
Turn   | Place    | Note
-------+----------+-------------------------------------------
     0 | D:1      | Alarkh the Demonspawn Hunter began the quest for the Orb.
     0 | D:1      | Reached XP level 1. HP: 16/16 MP: 1/1
    74 | D:1      | Reached skill level 4 in Ranged Weapons
   130 | D:1      | Gained mutation: You regenerate a little health from kills.
                  | [demonic ancestry]
   130 | D:1      | Reached XP level 2. HP: 22/22 MP: 2/2
   781 | D:1      | Reached XP level 3. HP: 25/27 MP: 3/3
  1019 | D:2      | Reached skill level 5 in Ranged Weapons
  1096 | D:2      | Found a stormy altar of Qazlal.
  1176 | D:2      | Identified the +0 helmet of the True Pharaoh {Slay+3}
  1223 | D:2      | Gained mutation: A weak demonic guardian rushes to your
                  | aid. [demonic ancestry]
  1223 | D:2      | Reached XP level 4. HP: 32/33 MP: 4/4
  1654 | D:3      | Identified the +6 sling of Xufawad {drain, Drain rF+ rC+}
  1786 | D:3      | Noticed Terence
  2025 | D:3      | Noticed Jessica
  2026 | D:3      | Killed Jessica
  2027 | D:3      | Reached XP level 5. HP: 38/38 MP: 5/5
  2557 | D:3      | Killed Terence
  2558 | D:3      | Reached skill level 6 in Ranged Weapons
  2747 | D:4      | Gained mutation: You are partially covered in thin metallic
                  | scales. (AC +2) [demonic ancestry]
  2747 | D:4      | Reached XP level 6. HP: 44/44 MP: 6/6
  2750 | D:4      | Found a staircase to the Ecumenical Temple.
  2757 | Temple   | Entered the Ecumenical Temple
  2770 | Temple   | Became a worshipper of Uskayaw the Reveller
  2786 | D:4      | Reached * piety under Uskayaw
  2788 | D:4      | Reached skill level 7 in Ranged Weapons
  2850 | D:4      | Found a sand-covered staircase.
  2856 | Ossuary  | Entered an ossuary
  2867 | Ossuary  | Reached ** piety under Uskayaw
  2872 | Ossuary  | Reached *** piety under Uskayaw
  2878 | Ossuary  | Reached **** piety under Uskayaw
  2891 | Ossuary  | Reached ***** piety under Uskayaw
  3080 | D:4      | Gained mutation: You regenerate health from kills. [demonic
                  | ancestry]
  3080 | D:4      | Reached XP level 7. HP: 44/50 MP: 7/7
  3122 | D:4      | Reached skill level 8 in Ranged Weapons
  3127 | D:4      | Noticed Natasha
  3131 | D:4      | Killed Natasha
  3532 | D:4      | Noticed Ijyb
  3540 | D:4      | Killed Ijyb
  3595 | D:4      | Noticed Natasha
  3598 | D:4      | Killed Natasha
  3694 | D:5      | Entered Level 5 of the Dungeon
  3716 | D:5      | Noticed Pikel
  3772 | D:4      | Killed Pikel
  3773 | D:4      | Reached skill level 9 in Ranged Weapons
  3773 | D:4      | Gained mutation: A demonic guardian rushes to your aid.
                  | [demonic ancestry]
  3773 | D:4      | Reached XP level 8. HP: 32/56 MP: 8/8
  3840 | D:5      | Noticed Sigmund
  3844 | D:5      | Killed Sigmund
  3845 | D:5      | Reached skill level 10 in Ranged Weapons
  3860 | D:5      | Found a blossoming altar of Fedhas.
  3862 | D:5      | Found a shimmering altar of Xom.
  4042 | D:5      | Noticed Duvessa
  4042 | D:5      | Noticed Dowan
  4054 | D:5      | Killed Duvessa
  4055 | D:5      | Killed Dowan
  4244 | D:5      | Reached skill level 11 in Ranged Weapons
  4436 | D:5      | Gained mutation: You have large cloven feet. [demonic
                  | ancestry]
  4436 | D:5      | Reached XP level 9. HP: 61/61 MP: 9/9
  4585 | D:5      | Noticed a troll
  4588 | D:5      | Killed a troll
  4951 | D:6      | Reached skill level 12 in Ranged Weapons
  5278 | D:6      | Found a shadowy altar of Dithmenos.
  5791 | D:7      | Reached skill level 13 in Ranged Weapons
  6321 | D:8      | Found Celomp's Tremendous Tomes.
  6376 | D:8      | Reached XP level 10. HP: 67/67 MP: 10/10
  6568 | D:8      | Noticed Grum
  6589 | D:8      | Killed Grum
  6593 | D:8      | Reached skill level 14 in Ranged Weapons
  6650 | D:8      | Reached skill level 1 in Stealth
  6650 | D:8      | Reached skill level 1 in Unarmed Combat
  6652 | D:8      | Reached skill level 1 in Invocations
  6678 | D:8      | Reached skill level 1 in Armour
  7453 | D:9      | Identified 2 scrolls of acquirement
  7453 | D:9      | Acquired the +6 longbow "Itopsu" {drain, Will+ Str+2}
  7533 | D:10     | Entered Level 10 of the Dungeon
  7599 | D:10     | Reached ****** piety under Uskayaw
  7612 | D:10     | Gained mutation: You regenerate a lot of health from kills.
                  | [demonic ancestry]
  7612 | D:10     | Reached XP level 11. HP: 66/75 MP: 13/13
  7617 | D:10     | Found a staircase to the Lair.
  7650 | D:10     | Noticed a two-headed ogre
  7654 | D:10     | Killed a two-headed ogre
  7680 | D:10     | Gained mutation: You have hoof-like feet. [potion of
                  | mutation]
  7680 | D:10     | Gained mutation: You are resistant to electric shocks.
                  | (rElec) [potion of mutation]
  7683 | D:10     | Acquired a +4 ring of slaying
  7932 | D:10     | Found a staircase to the Orcish Mines.
  7947 | D:10     | Noticed a sun demon
  7949 | D:10     | Slain by a sun demon

Illustrated notes

Levels and vault maps discovered:
D:1:      ebering_hopf_link, layout_basic, minmay_misc_feat_tiny,
          hangedman_decor_growths
D:2:      layout_basic, basic_altar
D:3:      layout_basic, uniq_terence, uniq_jessica
D:4:      layout_cave_pods, minmay_temple_entry_tees, enter_ossuary_1,
          dreamdust_princess_bridge, uniq_ijyb, uniq_natasha
D:5:      lemuel_castle_with_subvaults [lemuel_castle_interior_original],
          layout_basic, jmf_multi_god_temple, uniq_duvessa, uniq_sigmund,
          uniq_pikel
D:6:      layout_rooms, grunt_dithmenos_shadows
D:7:      layout_basic
D:8:      layout_rooms, nicolae_shop_i_like_big_books, amethyst_killhole,
          uniq_grum
D:9:      layout_loops_cross
D:10:     layout_roguey [special_room_orc], minmay_lair_entry_grove, orc_0_dummy
Temple:   compressed_dpeg_triangle_lava_temple

Skill      XL: |  1  2  3  4  5  6  7  8  9 10 11 |
---------------+----------------------------------+-----
Ranged Weapons | 4 5 6 7 9 11 13 14 | 14.1
Stealth        | 2 3 |  3.3
Unarmed Combat | 3 4 |  4.5
Invocations    | 3 4 |  4.3
Dodging        | 3 |  3.5
Armour         | 2 3 |  3.0
Fighting       | 3 4 |  4.0

Action                     |  1- 3 |  4- 6 |  7- 9 | 10-12 || total
---------------------------+-------+-------+-------+-------++-------
  Melee: Sling             |       |       |     5 |       ||     5
   Fire: Shortbow          |   132 |    47 |       |       ||   179
         Sling             |       |    71 |   362 |   144 ||   577
         Longbow           |       |       |       |   125 ||   125
    Use: Scroll            |       |     3 |     4 |     8 ||    15
         Potion            |       |       |     2 |     5 ||     7
 Armour: Leather armour    |    11 |     6 |    11 |       ||    28
         Troll leather arm |       |       |    17 |    18 ||    35
  Dodge: Dodged            |    37 |    17 |    51 |    32 ||   137
